 Dungeon Crawl Stone Soup version 0.13.0-17-g5f0e85f (webtiles) character file.

271 MDvedh the Ruinous (level 5, 0/36 HPs)
             Began as a Draconian Wizard on Oct 21, 2013.
             Succumbed to an orc priest's poison
             ... on Level 3 of the Dungeon.
             The game lasted 00:14:24 (3132 turns).

MDvedh the Ruinous (Draconian Wizard)               Turns: 3132, Time: 00:14:24

HP   0/36        AC  5     Str 10      XL: 5   Next: 15%
MP   1/12        EV 12     Int 19      God:
Gold 114         SH  0     Dex  9      Spells:  4 memorised,  2 levels left

Res.Fire  : . . .   See Invis. : .   g - +0,-1 dagger (curse)
Res.Cold  : . . .   Warding    : .   (armour unavailable)
Life Prot.: . . .   Conserve   : .   (no shield)
Res.Poison: .       Res.Corr.  : .   b - +0 wizard hat
Res.Elec. : .       Clarity    : .   (no cloak)
Sust.Abil.: . .     Spirit.Shd : .   (no gloves)
Res.Mut.  : .       Stasis     : .   (no boots)
Res.Rott. : .       Flight     : .   (no amulet)
Saprovore : . . .                    (no ring)
                                     (no ring)

@: very poisoned, slightly resistant to hostile enchantments, unstealthy
A: unfitting armour, AC +5
a: no special abilities


You were on level 3 of the Dungeon.
You were hungry.

You visited 1 branch of the dungeon, and saw 3 of its levels.

You collected 94 gold pieces.

Inventory:

Hand weapons
 g - a cursed +0,-1 dagger (weapon)
Armour
 b - a +0 wizard hat (worn)
Magical devices
 r - a wand of lightning (0)
Comestibles
 d - 2 bread rations
 i - a rotting chunk of bat flesh
Scrolls
 f - 2 scrolls of magic mapping {unknown}
 h - a scroll of amnesia {unknown}
 j - 3 scrolls of identify {unknown}
 k - a scroll of enchant weapon I {unknown}
 m - a scroll of teleportation {unknown}
 n - 2 scrolls of fear {unknown}
 o - 3 scrolls of remove curse {unknown}
 q - a scroll of curse armour {unknown}
Jewellery
 e - an uncursed ring of wizardry {unknown}
Potions
 p - a potion of blood {unknown}
 s - a potion of cure mutation {unknown}
Books
 c - a book of Minor Magic

   Spells                             Type                      Level
   *Magic Dart                        Conjuration                  1
   *Blink                             Translocation                2
   Call Imp                           Summoning                    2
   *Repel Missiles                    Charms/Air                   2
   Slow                               Hexes                        2
   Conjure Flame                      Conjuration/Fire             3
   *Mephitic Cloud                    Conjuration/Poison/Air       3


   Skills:
 - Level 1.7 Dodging
 - Level 1.7 Stealth
 - Level 3.0 Spellcasting
 - Level 3.1 Conjurations
   Level 1.0 Summonings
 - Level 1.0 Translocations
 + Level 2.6 Air Magic
 + Level 2.4 Poison Magic


You had 2 spell levels left.
You knew the following spells:

 Your Spells              Type           Power        Failure   Level  Hunger
a - Magic Dart            Conj           ##..         6%          1    None
b - Blink                 Tloc           N/A          17%         2    ##.....
c - Repel Missiles        Chrm/Air       #.........   14%         2    ##.....
d - Mephitic Cloud        Conj/Pois/Air  ##......     17%         3    ###....


Dungeon Overview and Level Annotations

Branches:
Dungeon (3/27)

Altars:

Annotations:
D:3 Grinder


Message History

You have reached level 5!
Your life force feels restored.
You feel very sick.
Things that are here:
a whip of venom; a glowing orcish dagger; an orcish leather armour Unknown command.
* * * LOW HITPOINT WARNING * * *
You feel very sick.
* * * LOW HITPOINT WARNING * * *
You feel sick.
* * * LOW HITPOINT WARNING * * *
You feel very sick.
* * * LOW HITPOINT WARNING * * *
You feel very sick.
Drink which item? (? for menu, Esc to quit)
Okay, then.
* * * LOW HITPOINT WARNING * * *
You feel very sick.
Your magical contamination has completely faded away.
You die...

#............%##.##<#
#.##.##..............
#.##.#######.##.###.#
#.##.#######.##.# #..
#.##)##....%.##.###..
#.##.##.#######.##...
#.......# #>##.>.
####.#### #.##... #@#
#...... #.# #.(###.
#.# .. ## #.. # ### #
#


There were no monsters in sight!

Vanquished Creatures
  An orc priest (D:3)
  Ijyb (D:2)
  4 adders
  An ooze (D:3)
  2 orcs (D:3)
  14 bats
  6 giant cockroaches
  6 goblins
  12 hobgoblins
  4 jackals (D:3)
  2 quokkas (D:2)
  4 giant newts
  6 kobolds
  13 rats
76 creatures vanquished.

Notes
Turn   | Place    | Note
--------------------------------------------------------------
     0 | D:1      | MDvedh, the Draconian Wizard, began the quest for the Orb.
     0 | D:1      | Reached XP level 1. HP: 12/12 MP: 5/5
   234 | D:1      | Reached XP level 2. HP: 15/18 MP: 5/7
   331 | D:1      | Learned a level 2 spell: Blink
   334 | D:1      | Learned a level 2 spell: Repel Missiles
   862 | D:1      | Reached XP level 3. HP: 24/24 MP: 2/9
  1161 | D:1      | Learned a level 3 spell: Mephitic Cloud
  1394 | D:2      | Reached skill level 1 in Poison Magic
  1450 | D:2      | Reached skill level 1 in Air Magic
  2033 | D:3      | Reached XP level 4. HP: 30/30 MP: 0/11
  2036 | D:3      | Noticed Ijyb
  2333 | D:3      | Noticed Grinder
  2394 | D:2      | Killed Ijyb
  3125 | D:3      | Reached XP level 5. HP: 14/36 MP: 0/12
  3131 | D:3      | HP: 1/36 [poisoned by an orc priest]
  3132 | D:3      | Succumbed to an orc priest's poison

Action                   |  1- 3 |  4- 6 || total
-------------------------+-------+-------++-------
Melee: Unarmed           |    23 |       ||    23
       Dagger            |    29 |    71 ||   100
 Cast: Magic Dart        |   120 |    43 ||   163
       Mephitic Cloud    |       |    11 ||    11
  Use: Potion            |       |     3 ||     3
 Stab: Confused          |       |     2 ||     2
